 Dungeon Crawl Stone Soup version 0.17-a0-1914-gde4187c (webtiles) character file.

3322 hairmachine the Cleaver (level 9, -7/68 (70) HPs)
             Began as a Minotaur Berserker on Sept 26, 2015.
             Was an Elder of Trog.
             Mangled by an ogre
             ... wielding a cursed -3 giant spiked club
              (18 damage)
             ... on level 8 of the Dungeon.
             The game lasted 00:25:54 (6650 turns).

hairmachine the Cleaver (Minotaur Berserker)        Turns: 6650, Time: 00:25:54

HP:   -7/68 (70)    AC: 13    Str: 24    XL:     9   Next: 71%
MP:   8/8           EV: 10    Int:  4    God:    Trog [****..]
Gold: 358           SH:  4    Dex: 11    Spells: 0 memorised, 8 levels left

rFire  . . .     SeeInvis .     G - +0 war axe
rCold  . . .     Clarity  .     K - +3 scale mail
rNeg   . . .     SustAt   .     u - +0 buckler
rPois  .         Gourm    .     (helmet restricted)
rElec  .         Spirit   .     k - +0 cloak
rCorr  .         Warding  .     (no gloves)
rMut   .         Stasis   .     (no boots)
MR     +....                    l - amulet of regeneration
Stlth  ..........               v - ring of protection from magic
                                F - +1 ring of protection

@: lethally poisoned (-7 -> -10), somewhat resistant to hostile enchantments,
extremely unstealthy
A: retaliatory headbutt, horns 2
a: Burn Spellbooks, Berserk, Trog's Hand, Brothers in Arms, Renounce Religion


You were on level 8 of the Dungeon.
You worshipped Trog.
Trog was greatly pleased with you.
You were hungry.

You visited 1 branch of the dungeon, and saw 8 of its levels.

You collected 358 gold pieces.

Inventory:

Hand weapons
 G - a +0 war axe (weapon)
Missiles
 p - 2 javelins
 x - 7 tomahawks
 D - 3 throwing nets
 Q - 4 tomahawks of returning (quivered)
Armour
 k - a +0 cloak (worn)
 s - a +1 leather armour of cold resistance
 u - a +0 buckler (worn)
 K - a +3 scale mail (worn)
Jewellery
 l - an amulet of regeneration (around neck)
 r - an uncursed ring of ice
 v - a ring of protection from magic (right hand)
 F - a +1 ring of protection (left hand)
 I - an uncursed ring of fire
Magical devices
 a - a wand of frost (10)
 J - a wand of cold (6)
 L - a wand of digging (19)
 M - a wand of slowing (11)
Scrolls
 b - 7 scrolls of identify
 d - 3 scrolls of teleportation {unknown}
 e - 2 scrolls of magic mapping
 g - a scroll of noise {unknown}
 h - 2 scrolls of random uselessness {unknown}
 i - 7 scrolls of immolation {unknown}
 j - a scroll of enchant weapon {unknown}
 o - a scroll of blinking {unknown}
 q - a scroll of fear {unknown}
 y - a scroll of enchant armour {unknown}
 A - a scroll of vulnerability {unknown}
 H - a scroll of recharging {unknown}
 P - a scroll of fog {unknown}
Potions
 f - a potion of ambrosia {unknown}
 m - 4 potions of mutation {unknown}
 n - 2 potions of brilliance {unknown}
 w - a potion of curing {unknown}
 B - a potion of might {unknown}
 O - a potion of agility {unknown}
 R - a potion of poison {unknown}
Books
 t - a book of Spatial Translocations

   Spells                             Type                      Level
   a - Apportation                    Translocation                1
   b - Blink                          Translocation                2
   c - Shroud of Golubria             Charms/Translocation         2
   d - Portal Projectile              Translocation                3
   e - Teleport Other                 Translocation                3
   f - Passage of Golubria            Translocation                4
   Trog disapproves of the use of such an item.
 C - a book of Death

   Spells                             Type                      Level
   a - Corpse Rot                     Necromancy                   2
   b - Sublimation of Blood           Necromancy                   2
   c - Agony                          Necromancy                   5
   d - Dispel Undead                  Necromancy                   5
   e - Excruciating Wounds            Charms/Necromancy            5
   f - Bolt of Draining               Conjuration/Necromancy       5
   Trog disapproves of the use of such an item.
Comestibles
 c - 2 bread rations
 z - 3 beef jerkies
 E - a meat ration
 N - 5 chunks of flesh


   Skills:
 - Level 3.6 Fighting
 + Level 12.5 Axes
 + Level 5.9 Throwing
 + Level 8.0 Armour
 - Level 2.1 Dodging
 - Level 2.1 Shields


You had 8 spell levels left.
You didn't know any spells.

Dungeon Overview and Level Annotations

Branches:
Dungeon (8/15)
 Temple: D:4-7         Lair: D:8-11

Altars:
Cheibriados
Elyvilon
Okawaru
Qazlal
Ru
Sif Muna
Trog

Shops:
D:5 %


Innate Abilities, Weirdness & Mutations

You reflexively headbutt those who attack you in melee.
You have a pair of horns on your head.


Message History

You slash the killer bee!
You kill the killer bee!
Trog accepts your kill.
Your Armour skill increases to level 8!
You feel sick.
You closely miss the ogre.
You feel sick.
The ogre hits you with a giant spiked club.
You hit the ogre.
The ogre is lightly wounded.
You feel sick.
You hit the ogre.
The ogre is moderately wounded.
You feel sick.
The ogre hits you with a giant spiked club!
* * * LOW HITPOINT WARNING * * *
You hit the ogre.
The ogre is moderately wounded.
You feel sick.
The ogre hits you with a giant spiked club!!
You die...

#..###.###.########'#
#..###.# # ####.#
'......+ +....#
#'###### ###'## #..#
########..# ...+
..........# ##+#
##.#####..# #(.
###..# ... +@O..# ...
###'## ... #...# ...
.yy..# ... ..O....#
... ♣.......# ##.
#######.#
##+################.#
.+.......'.#..#.....#


You could see an ogre.

Vanquished Creatures
  Joseph (D:7)
  2 hippogriffs
  A sky beast (D:7)
  3 orc warriors
  3 ice beasts
  A black bear (D:7)
  A phantom (D:7)
  A necrophage (D:8)
  3 ogres
  2 centaurs
  3 giant frogs
  5 killer bees (D:8)
  2 scorpions
  A giant frog zombie (D:7)
  3 hounds
  2 jellies (D:6)
  A quasit (D:8)
  3 crimson imps
  An orc wizard (D:3)
  A centaur skeleton (D:6)
  4 orc priests
  A giant frog skeleton (D:6)
  A gnoll shaman (D:7)
  5 worker ants
  A hound zombie (D:7)
  11 adders
  5 gnolls (D:7)
  An adder zombie (D:8)
  2 oozes
  An adder skeleton (D:7)
  4 worms
  18 orcs
  8 bats
  7 giant cockroaches
  10 goblins
  7 hobgoblins
  10 jackals
  5 kobolds
  4 quokkas
  6 giant geckos
  A giant gecko zombie (D:6)
  2 giant newts
  2 jackal zombies (D:7)
  7 rats
163 creatures vanquished.

Notes
Turn   | Place    | Note
--------------------------------------------------------------
     0 | D:1      | hairmachine the Minotaur Berserker began the quest for the Orb.
     0 | D:1      | Reached XP level 1. HP: 19/19 MP: 0/0
   213 | D:1      | Reached skill level 4 in Axes
   334 | D:1      | Reached XP level 2. HP: 23/26 MP: 1/1
  1004 | D:2      | Reached skill level 5 in Axes
  1004 | D:2      | Reached XP level 3. HP: 23/31 MP: 2/2
  1134 | D:2      | Acquired Trog's second power
  1415 | D:2      | Reached XP level 4. HP: 36/39 MP: 3/3
  1494 | D:2      | Reached skill level 6 in Axes
  2259 | D:3      | Found a stormy altar of Qazlal.
  2275 | D:3      | Found a white marble altar of Elyvilon.
  2275 | D:3      | Found a sacrificial altar of Ru.
  2275 | D:3      | Found a bloodstained altar of Trog.
  2452 | D:3      | Found a deep blue altar of Sif Muna.
  2522 | D:3      | Reached skill level 7 in Axes
  2522 | D:3      | Reached XP level 5. HP: 45/45 MP: 4/4
  2917 | D:4      | Reached skill level 1 in Shields
  3429 | D:5      | Entered Level 5 of the Dungeon
  3435 | D:5      | Noticed an ice beast
  3479 | D:5      | Killed an ice beast
  3479 | D:5      | Reached skill level 8 in Axes
  3479 | D:5      | Reached skill level 1 in Throwing
  3479 | D:5      | Reached XP level 6. HP: 26/51 MP: 5/5
  3543 | D:5      | Found Quqor's Food Boutique.
  3568 | D:5      | Noticed an ogre
  3572 | D:5      | Killed an ogre
  3665 | D:5      | You fall through a shaft for 3 floors!
  3770 | D:8      | Reached XP level 7. HP: 57/57 MP: 6/6
  3991 | D:8      | Reached skill level 9 in Axes
  4341 | D:7      | Received a gift from Trog
  4341 | D:7      | Reached XP level 8. HP: 29/62 MP: 7/7
  4417 | D:7      | Reached skill level 5 in Throwing
  4420 | D:7      | Reached skill level 10 in Axes
  4451 | D:7      | Found a snail-covered altar of Cheibriados.
  4667 | D:6      | Found an iron altar of Okawaru.
  5068 | D:6      | Acquired Trog's third power
  5068 | D:6      | Reached skill level 11 in Axes
  5225 | D:6      | Reached skill level 5 in Armour
  5301 | D:6      | Reached XP level 9. HP: 57/68 MP: 8/8
  6094 | D:7      | Received a gift from Trog
  6114 | D:7      | Reached skill level 12 in Axes
  6316 | D:7      | Noticed Joseph
  6333 | D:7      | Killed Joseph
  6650 | D:8      | Mangled by an ogre

Vault maps used:
D:1:      grunt_arrival_lava_bath
D:2:      first_bread
D:3:      overflow_temple_1_default, minitemple
D:4:      minmay_temple_entry_statues_pillars
D:5:      serial_shops, shop_statue, shop, shop, serial_bayou_pond_c,
          kennysheep_generic_room_5
D:6:      old_standard_altar, minmay_door_square, minmay_bad_closet
D:7:      lemuel_doored_altar, uniq_joseph
D:8:      serial_shops, nicolae_shop_trees

Action                   |  1- 3 |  4- 6 |  7- 9 || total
-------------------------+-------+-------+-------++-------
Melee: Hand axe          |    66 |   164 |   126 ||   356
       War axe           |       |       |   181 ||   181
Throw: Javelin           |       |     2 |     4 ||     6
       Tomahawk          |       |       |    10 ||    10
Invok: Berserk           |       |     1 |     2 ||     3
  Use: Scroll            |     1 |     1 |     1 ||     3
  Eat: Chunk             |     2 |     6 |    12 ||    20
       Bread ration      |       |     1 |       ||     1
